Map: Blackpink LE

Players

sinuspek

  • Race: Zerg Zerg
  • Spawn Location: 1:00

Rektum - Winner!

  • Race: Protoss Protoss
  • Spawn Location: 7:00

VOD

Have the link to the VOD?

Description

Time

  • Played on: Jan. 27, 2018, 2:11 p.m.
  • Length: 17:52
Show
View Real Time Build Order
Export as new Build Order

sinuspek Zerg 

Build Orders: Pool First 

Get SALT Encoding   

  12  0:21  Spawning Pool  
  11  0:28  Drone  
  11  0:29  Drone  
  11  0:33  Drone  
  14  0:50  Overlord  
  14  0:54  Overlord  
  14  1:16  Extractor  
  13  1:20  Zergling x4  
  15  1:49  Queen  
  17  1:55  Drone x3  
  20  2:25  Queen  
  22  2:30  Hatchery  
  21  2:42  Zergling x4  
  21  2:43  Zergling x2  
  24  2:56  Drone  
  25  3:00  Queen  
  27  4:00  Extractor  
  26  4:03  Drone x2  
  26  4:04  Drone  
  26  4:08  Overlord  
  26  4:09  Overlord x2  
  29  4:15  Zergling x6  
  32  4:18  Queen  
  34  4:42  Drone  
  34  4:43  Drone x2  
  37  5:04  Evolution Chamber  
  36  5:07  Roach Warren  
  35  5:23  Spine Crawler  
  34  5:30  Drone x3  
  37  5:50  Extractor  
  37  5:53  Extractor  
  37  5:54  Queen  
  37  6:02  Roach x4  
  37  6:03  Roach  
  47  6:07  Roach  
  47  6:10  Drone x5  
  54  6:31  Zerg Melee Weapons Level 1  
  54  6:34  Metabolic Boost  
  54  6:39  Overlord  
  54  6:40  Overlord x2  
  54  6:50  Drone  
  55  6:56  Drone x2  
  55  6:57  Drone  
  58  7:29  Zergling x2  
  59  7:30  Zergling x12  
  59  7:31  Zergling x4  
  59  7:32  Zergling x2  
  68  7:39  Roach  
  70  7:49  Drone x4  
  74  8:13  Lair  
  74  8:26  Zerg Missile Weapons Level 1  
  74  8:44  Roach x3  
  74  8:45  Roach  
  82  8:49  Drone x2  
  82  8:54  Overlord  
  84  8:58  Overlord x3  
  75  9:53  Spine Crawler  
  75  9:57  Spine Crawler  
  75  9:59  Zergling x4  
  76  10:00  Zergling x2  
  76  10:20  Zerg Ground Armor Level 1  
  76  10:25  Drone x2  
  78  10:32  Hatchery  
  62  10:44  Burrow  
  58  11:28  Zergling x6  
  58  11:29  Zergling x6  
  50  12:15  Zergling x12  
  52  12:16  Zergling x6  
  43  12:53  Lair  
  43  12:56  Zergling x4  
  43  12:57  Zergling x2  
  45  13:11  Spine Crawler  
  44  13:14  Spine Crawler  
  43  13:21  Roach x3  
  43  13:26  Roach x3  
  55  13:44  Roach  
  55  13:45  Roach x4  
  65  14:25  Drone x2  
  65  14:26  Drone  
  62  14:52  Hatchery  
  62  14:55  Extractor  
  62  14:57  Extractor  
  59  15:06  Zergling x10  
  65  15:07  Zergling x6  
  65  15:13  Glial Reconstitution  
  67  15:15  Zerg Melee Weapons Level 2  
  67  16:00  Queen  
  69  16:08  Drone  
  69  16:09  Drone x3  
  73  16:32  Tunneling Claws  
  73  16:35  Queen  
  75  17:11  Queen  
  77  17:23  Roach  
  77  17:24  Roach x2  
  83  17:30  Zergling x6  
Show
View Real Time Build Order
Export as new Build Order

Rektum Protoss - Winner!

Build Orders:  

Get SALT Encoding   

  12  0:11  Pylon  
  12  0:30  Gateway, Probe  
  13  0:42  Probe  
  14  0:52  Assimilator  
  14  0:54  Probe  
  15  0:57  Assimilator  
  15  1:29  Cybernetics Core  
  15  1:42  Pylon  
  14  1:50  Probe  
  15  2:02  Probe  
  15  2:06  Warp Gate  
  15  2:07  Stalker  
  18  2:14  Probe  
  19  2:26  Probe  
  19  2:29  Gateway  
  20  2:37  Stalker  
  20  2:38  Probe  
  20  2:39  Pylon  
  23  2:57  Twilight Council  
  23  3:16  Probe (Chrono Boost)  
  24  3:23  Probe (Chrono Boost)  
  25  3:31  Probe  
  26  3:36  Gateway  
  26  3:43  Probe  
  26  3:44  Gateway  
  27  3:50  Pylon  
  27  3:55  Probe  
  28  4:03  Gateway  
  28  4:10  Blink  
  28  4:57  Nexus  
  28  5:14  Pylon  
  28  5:26  Assimilator  
  28  5:28  Assimilator  
  28  5:38  Stalker x2  
  28  5:39  Stalker x2  
  36  6:14  Forge, Probe  
  36  6:16  Stalker  
  36  6:17  Stalker x2  
  43  6:26  Probe  
  43  6:28  Pylon  
  44  6:36  Stalker  
  44  6:38  Probe  
  47  6:40  Pylon  
  47  6:50  Protoss Ground Weapons Level 1, Probe  
  48  7:02  Probe  
  48  7:03  Pylon  
  48  7:08  Stalker  
  51  7:14  Probe  
  52  7:26  Probe  
  53  7:34  Stalker x2  
  53  7:35  Stalker x2  
  61  7:45  Photon Cannon  
  61  8:13  Nexus  
  61  8:20  Stalker x2  
  61  8:22  Stalker  
  67  8:34  Probe  
  67  8:41  Pylon  
  68  8:44  Protoss Shields Level 1  
  68  8:46  Probe  
  69  8:57  Stargate  
  69  8:58  Probe  
  69  9:01  Pylon  
  70  9:08  Stalker x2  
  74  9:10  Probe  
  72  9:22  Probe  
  67  9:42  Stalker x2  
  67  9:43  Stalker x2  
  75  10:09  Fleet Beacon  
  75  10:14  Probe  
  76  10:25  Stalker x3  
  76  10:26  Stalker  
  76  10:27  Probe  
  85  10:39  Probe  
  84  10:51  Probe  
  85  11:03  Probe  
  40  13:03  Stalker x3  
  40  13:04  Stalker  
  48  13:26  Stalker x2  
  52  13:27  Stalker x2  
  56  13:50  Stalker  
  56  13:51  Stalker  
  56  13:52  Stalker x2  
  40  14:59  Probe  
  41  15:12  Probe  
  42  15:24  Probe  
  43  15:34  Nexus  
  43  15:36  Probe  
  43  15:40  Stalker x2  
  43  15:41  Stalker x2  
  52  15:48  Probe  
  53  16:36  Pylon  
  53  16:50  Stalker  
  53  16:51  Stalker  
  53  16:52  Stalker x2  
  61  17:27  Probe  
  62  17:39  Probe  
  62  17:41  Stargate  
  63  17:48  Stargate  
Tags
 
Matchup
PvZ
Opening
Pool First
Spawn Locations
Cross Positions
Add a new tag
Caveats
  • Supply blocks, unpowered buildings, or Contaminate may cause inaccurate times.
  • Supply counts are checked every 10 seconds.